 Dungeon Sprint DCSS version 0.18-a0-1655-ge2d8d33 (webtiles) character file.

4701 Kidiri the Jester (level 10, -20/60 HPs)
             Began as a Spriggan Artificer on Mar 30, 2016.
             Was a Follower of Nemelex Xobeh.
             Killed by the air
             ... invoked by Gastronok
              (29 damage)
             ... in the Dungeon (Sprint IX: "|||||||||||||||||||||||||||||").
             The game lasted 00:10:09 (1541 turns).

Kidiri the Jester (Spriggan Artificer)              Turns: 1541, Time: 00:10:09

Health: -20/60     AC:  2    Str: 10    XL:     10   Next: 21%
Magic:  23/23      EV: 33    Int: 14    God:    Nemelex Xobeh [*.....]
Gold:   17         SH:  0    Dex: 23    Spells: 0 memorised, 9 levels left

rFire  . . .     SeeInvis +     r - +2 rapier (speed)
rCold  . . .     Gourm    .     b - +0 robe
rNeg   . . .     Faith    .     (shield restricted)
rPois  .         Spirit   .     (helmet restricted)
rElec  .         Dismiss  .     (no cloak)
rCorr  .         Reflect  .     (gloves unavailable)
SustAt .         Harm     .     (boots unavailable)
MR     +....     NoTele   +     (no amulet)
Stlth  +++++++...               s - +3 ring of dexterity
                                a - +3 ring of strength

@: very quick, somewhat resistant to hostile enchantments, extremely stealthy
A: unfitting armour, see invisible, herbivore 3, speed 3, slow metabolism 2
a: Renounce Religion


You were in the Dungeon.
You worshipped Nemelex Xobeh.
Nemelex Xobeh was aware of your devotion.
You were not hungry.

You visited 1 branch You collected 17 gold pieces.

Inventory:

Hand Weapons
 r - a +2 rapier of speed (weapon)
Missiles
 y - a throwing net (quivered)
Armour
 b - a +0 robe (worn)
Jewellery
 a - a +3 ring of strength (left hand)
 s - a +3 ring of dexterity (right hand)
Wands
 c - a wand of flame (14/48)
 d - a wand of enslavement (5/24)
 e - a wand of random effects (7/48)
 q - a wand of iceblast (2/15)
Scrolls
 l - 2 scrolls of blinking
 o - 3 scrolls of remove curse
 p - 2 scrolls of amnesia
 u - a scroll of recharging
 v - a scroll of fog
 w - a scroll of identify
 x - 2 scrolls of fear
Potions
 g - 5 potions of curing
 h - 3 potions of heal wounds
 i - a potion of haste
 j - 4 potions of magic
 k - a potion of berserk rage
 n - a potion of invisibility
 t - 3 potions of cure mutation
Comestibles
 f - 14 bread rations
 m - a royal jelly
 z - 40 fruits


   Skills:
 * Level 11.0 Fighting
 + Level 10.3 Short Blades
 + Level 13.1 Dodging
 + Level 13.9 Stealth
 * Level 16.3 Evocations


You had 9 spell levels left.
You didn't know any spells.

Dungeon Overview and Level Annotations

Branches:
Dungeon (1/1)

Altars:
Cheibriados
Dithmenos
Elyvilon
Fedhas
Gozag
Kikubaaqudgha
Makhleb
Nemelex Xobeh
Okawaru
Pakellas
Qazlal
Ru
Sif Muna
Trog
Vehumet
Xom
Yredelemnul
Zin
The Shining One
Beogh
Jiyva
Lugonu

Annotations:
D Gastronok, Harold


Innate Abilities, Weirdness & Mutations

You are tiny and cannot use many weapons and most armour.
You have supernaturally acute eyesight.
You are a herbivore.
You cover ground extremely quickly.
You need consume almost no food.


Message History

Harold gestures at you while chanting. The bolt of fire hits you!
Ouch! That really hurt!
* * * LOW HITPOINT WARNING * * *
Unknown command.
Evoke which item? (* to show all) (? for menu, Esc to quit)
Zapping:
d - a wand of enslavement (6/24)
Press: ? - help, Shift-Dir - straight line, f - Harold
Aim: Harold, wielding a long sword and wearing a ring mail (chance to defeat MR: 40%) Harold is charmed.
This wand has 5 charges left.
Harold gestures at something while chanting.
Harold casts a spell at something.
Harold resists with significant effort.
Harold points at something and mumbles some strange words.
Gastronok struggles against the net.
Harold hits Gastronok with a long sword.
Gastronok waves his eye-stalks in wide circles.
The air twists around and strikes you!
You die...
Your body disappears without a glow.

▓▓▓▓▓▓▓▓▓▓▓▓▓▓▓▓▓▓▓▓▓▓▓▓▓▓▓▓▓▓▓▓▓
...'______________________)..|)[[
▓▓▓▓▓▓▓▓▓▓▓▓▓▓▓▓▓▓▓▓▓▓▓▓▓▓▓▓▓▓▓▓▓
.................................
▓▓▓▓▓▓▓▓▓▓▓▓▓▓▓▓▓▓▓▓▓▓▓▓▓▓▓▓▓▓▓▓▓
)(......'%........'.........'%%%.
▓▓▓▓▓▓▓▓▓▓▓▓▓▓▓▓▓▓▓▓▓▓▓▓▓▓▓▓▓▓▓▓▓
w.....w@...@................
▓▓▓▓▓▓▓▓▓▓▓▓▓▓▓▓▓▓▓▓▓▓▓▓▓▓▓▓


You could see Gastronok (caught) and the friendly Harold.

Vanquished Creatures
  An ettin (D)
  A hydra (D)
  A gargoyle (D)
  A spiny frog (D)
  A rime drake (D)
  2 polar bears (D)
  A soldier ant (D)
  A water moccasin (D)
  A porcupine (D)
  2 black bears (D)
  A sky beast (D)
  An eye of draining (D)
  An ogre (D)
  A crocodile (D)
  A giant frog (D)
  A big kobold (D)
  A worker ant (D)
  An adder (D)
  A hell rat (D)
  A gnoll (D)
  A white imp (D)
  A giant eyeball (D)
  A giant gecko (D)
  A hobgoblin (D)
  A kobold (D)
  A goblin (D)
  2 rats (D)
30 creatures vanquished.

Vanquished Creatures (collateral kills)
  An orb spider (D)
  4 spiny frogs (D)
  A human (D)
  4 black bears (D)
  2 crocodiles (D)
  A giant frog (D)
  A worker ant (D)
  A sheep (D)
  A jackal (D)
  A bat (D)
17 creatures vanquished.

Vanquished Creatures (others)
  A giant gecko zombie (D)
1 creature vanquished.

Grand Total: 48 creatures vanquished

Notes
Turn   | Place    | Note
--------------------------------------------------------------
     0 | D        | Kidiri the Spriggan Artificer began the quest for the Orb.
     0 | D        | Reached XP level 1. HP: 9/9 MP: 4/4
     5 | D        | Reached skill level 1 in Fighting
    36 | D        | Noticed a worker ant
    57 | D        | Killed a worker ant
    57 | D        | Reached skill level 5 in Evocations
    57 | D        | Reached XP level 2. HP: 14/15 MP: 4/6
    67 | D        | Reached skill level 6 in Evocations
    67 | D        | Reached XP level 3. HP: 16/19 MP: 4/8
   114 | D        | Found a glowing silver altar of Zin.
   114 | D        | Found a glowing golden altar of the Shining One.
   114 | D        | Found an ancient bone altar of Kikubaaqudgha.
   114 | D        | Found a basalt altar of Yredelemnul.
   114 | D        | Found a shimmering altar of Xom.
   114 | D        | Found a radiant altar of Vehumet.
   115 | D        | Found an iron altar of Okawaru.
   116 | D        | Found a burning altar of Makhleb.
   117 | D        | Found a deep blue altar of Sif Muna.
   118 | D        | Found a bloodstained altar of Trog.
   119 | D        | Found a sparkling altar of Nemelex Xobeh.
   120 | D        | Found a white marble altar of Elyvilon.
   121 | D        | Found a roughly hewn altar of Beogh.
   122 | D        | Found a viscous altar of Jiyva.
   123 | D        | Found a corrupted altar of Lugonu.
   124 | D        | Found a blossoming altar of Fedhas.
   125 | D        | Found a snail-covered altar of Cheibriados.
   126 | D        | Found a shadowy altar of Dithmenos.
   127 | D        | Became a worshipper of Nemelex Xobeh the Trickster
   130 | D        | Found a stormy altar of Qazlal.
   131 | D        | Found an opulent altar of Gozag.
   132 | D        | Found a sacrificial altar of Ru.
   132 | D        | Received a gift from Nemelex Xobeh
   134 | D        | Found an oddly glowing altar of Pakellas.
   163 | D        | Noticed a big kobold
   163 | D        | Noticed a giant frog
   163 | D        | Noticed a yak
   166 | D        | Reached XP level 4. HP: 24/24 MP: 10/10
   167 | D        | Noticed a sky beast
   167 | D        | a big kobold changed into a sky beast
   167 | D        | a giant frog changed into a giant eyeball
   167 | D        | Noticed a rime drake
   167 | D        | a yak changed into a rime drake
   173 | D        | Reached skill level 5 in Dodging
   173 | D        | Reached skill level 5 in Stealth
   181 | D        | Paralysed by a giant eyeball for 3 turns
   189 | D        | Killed a sky beast
   189 | D        | Reached skill level 8 in Evocations
   189 | D        | Reached XP level 5. HP: 19/30 MP: 10/12
   189 | D        | Paralysed by a giant eyeball for 4 turns
   198 | D        | Killed a rime drake
   198 | D        | Reached skill level 10 in Evocations
   198 | D        | Reached XP level 6. HP: 21/37 MP: 12/15
   332 | D        | Noticed a yak
   332 | D        | Noticed an orc warrior
   332 | D        | Noticed a sky beast
   332 | D        | Noticed a gargoyle
   334 | D        | Reached skill level 11 in Evocations
   336 | D        | Reached XP level 7. HP: 41/41 MP: 16/16
   339 | D        | a yak changed into a soldier ant
   362 | D        | Reached skill level 10 in Stealth
   362 | D        | Reached skill level 12 in Evocations
   427 | D        | Killed a gargoyle
   427 | D        | Reached skill level 10 in Dodging
   427 | D        | Reached XP level 8. HP: 28/47 MP: 18/18
   767 | D        | Reached * piety under Nemelex Xobeh
   767 | D        | Noticed a spiny frog
   767 | D        | Noticed a spiny frog
   767 | D        | Noticed a seven-headed hydra
   767 | D        | Noticed a spiny frog
   769 | D        | Killed a spiny frog
   769 | D        | Reached skill level 13 in Evocations
   775 | D        | Killed a spiny frog
   777 | D        | Noticed a spiny frog
   777 | D        | Killed a spiny frog
   778 | D        | Noticed a spiny frog
   778 | D        | Reached skill level 14 in Evocations
   782 | D        | Killed a spiny frog
   782 | D        | Reached XP level 9. HP: 53/53 MP: 20/20
   784 | D        | Killed a spiny frog
   797 | D        | Killed a seven-headed hydra
   922 | D        | Noticed an eight-headed hydra
   922 | D        | Noticed a black mamba
   924 | D        | Reached skill level 15 in Evocations
   926 | D        | Reached skill level 10 in Fighting
   932 | D        | Noticed an ettin
   932 | D        | an eight-headed hydra changed into an ettin
   932 | D        | Noticed an orb spider
   932 | D        | a black mamba changed into an orb spider
   939 | D        | Killed an orb spider
   969 | D        | Killed an ettin
   969 | D        | Reached XP level 10. HP: 23/60 MP: 22/22
  1166 | D        | Reached skill level 10 in Short Blades
  1171 | D        | Reached skill level 16 in Evocations
  1485 | D        | Noticed Harold
  1506 | D        | Noticed Gastronok
  1541 | D        | Killed from afar by Gastronok

Vault maps used:
D:        linesprint

Skill      XL: |  1  2  3  4  5  6  7  8  9 10 |
---------------+-------------------------------+-----
Fighting       | 2 3 4 6 8 9 10 11 | 11.0
Stealth        | 3 4 6 8 9 10 11 13 | 13.9
Short Blades   | 2 3 4 6 7 8 9 10 | 10.3
Dodging        | 4 6 8 10 11 12 13 | 13.1
Evocations     | 5 6 8 10 11 12 14 15 16 | 16.3

Action                   |  1- 3 |  4- 6 |  7- 9 | 10-12 || total
-------------------------+-------+-------+-------+-------++-------
Melee: Short sword       |    27 |       |       |       ||    27
       Rapier            |     2 |    19 |    49 |     3 ||    73
Evoke: Wand              |     6 |     5 |    24 |    13 ||    48
       Deck              |     1 |     2 |     6 |     4 ||    13
  Use: Potion            |       |     2 |     1 |       ||     3
       Scroll            |       |       |     1 |       ||     1
 Stab: Sleeping          |       |     2 |     3 |       ||     5
